 Dungeon Crawl Stone Soup version 0.20-a0-656-g9b0dcd9 (console) character file.

296601 nht the Severer (level 21, -6/166 HPs)
             Began as a Formicid Fighter on Feb 16, 2017.
             Was the Champion of Okawaru.
             Killed from afar by a Hell Sentinel (29 damage)
             ... with damnation
             ... summoned by a deep elf demonologist
             ... on level 3 of the Elven Halls.
             The game lasted 01:45:18 (31340 turns).

nht the Severer (Formicid Fighter)                 Turns: 31340, Time: 01:45:19

Health: -6/166     AC: 41    Str: 29    XL:     21   Next: 81%
Magic:  22/25      EV:  9    Int: 10    God:    Okawaru [******]
Gold:   2862       SH: 25    Dex: 10    Spells: 20/20 levels left

rFire    + . .     SeeInvis +   a - +0 battleaxe (elec)
rCold    + . .     Gourm    .   S - +8 gold dragon scales
rNeg     + . .     Faith    .   H - +1 large shield {reflect}
rPois    +         Spirit   .   (helmet unavailable)
rElec    +         Reflect  +   X - +2 cloak {rPois}
rCorr    .         Harm     .   y - +0 pair of gloves "Ogippusch" {+Fly rElec rN+}
MR       ++++.                  x - +2 pair of boots {run}
Stlth    ..........             i - amulet of regeneration
Regen    0.8/turn               n - ring of protection from magic
MPRegen  0.2/turn               E - ring of protection from magic

@: heroism, finesse, quick
A: permanent stasis, dig shafts and tunnels, four strong arms, antennae 3, low
mp 1
}: 2/15 runes: serpentine, barnacled
a: Dig, Shaft Self, Heroism, Finesse, Renounce Religion, Evoke Flight


You were on level 3 of the Elven Halls.
You worshipped Okawaru.
Okawaru was exalted by your worship.
You were not hungry.

You visited 7 branches of the dungeon, and saw 35 of its levels.
You also visited: Labyrinth.

You collected 4016 gold pieces.
You spent 1154 gold pieces at shops.

Inventory:

Hand Weapons
 a - a +0 battleaxe of electrocution (weapon)
 b - a +9 triple crossbow of freezing
 e - the +6 hand axe of the Black Skies {flame, MP+9}
   (You found it on level 4 of the Dungeon)

   It has been specially enchanted to burn those struck by it, causing extra
   injury to most foes and up to half again as much damage against particularly
   susceptible opponents.
   Big, fiery blades are also staple armaments of hydra-hunters.
   It affects your magic capacity (+9).
 K - a +3 hand crossbow of velocity
Missiles
 v - 380 bolts
Armour
 r - a scarf of cold resistance
 x - a +2 pair of boots of running (worn)
 y - the +0 pair of gloves "Ogippusch" (worn) {+Fly rElec rN+}
   (Okawaru gifted it to you on level 1 of the Elven Halls)

   It insulates you from electricity.
   It protects you from negative energy.
   It lets you fly.
 F - a +0 pair of boots of flying
 H - a +1 large shield of reflection (worn)
 M - a +1 pair of boots of stealth
 S - +8 gold dragon scales (worn)
 X - a +2 cloak of poison resistance (worn)
Jewellery
 i - an amulet of regeneration (around neck)
 n - a ring of protection from magic (right hand)
 E - a ring of protection from magic (left hand)
 Q - an uncursed ring of resist corrosion
 V - the ring "Hifeun" {*Tele rElec rC+}
   (You bought it in a shop on level 2 of the Orcish Mines)

   [ring of teleportation]

   It may teleport you next to monsters.
   It protects you from cold.
   It insulates you from electricity.
Wands
 o - a wand of digging (11/24)
 q - a wand of digging (11/24)
 A - a wand of digging (13/24)
 N - a wand of disintegration (8/24)
 O - a wand of lightning (5/15)
 R - a wand of acid (4/15)
 W - a wand of disintegration (14/24)
Scrolls
 d - 2 scrolls of recharging
 j - 4 scrolls of magic mapping
 k - 5 scrolls of fog
 l - a scroll of identify
 m - 20 scrolls of remove curse
 w - a scroll of holy word
 J - 9 scrolls of fear
 L - 2 scrolls of enchant weapon
Potions
 h - 8 potions of heal wounds
 p - a potion of ambrosia
 t - 2 potions of resistance
 u - 3 potions of lignification
 z - 17 potions of curing
 B - 4 potions of invisibility
 C - a potion of flight
 D - 2 potions of agility
 I - 4 potions of might
 P - 9 potions of mutation
 T - a potion of cancellation {unknown}
Comestibles
 c - 16 chunks of flesh
 f - 30 bread rations
 g - 35 royal jellies
 s - 36 fruits
 G - 21 meat rations


   Skills:
 - Level 14.7(19.7) Fighting
 - Level 20.1(25.1) Axes
 + Level 19.2(24.2) Crossbows
 - Level 15.7(20.7) Armour
 - Level 15.0(20.0) Shields
 - Level 10.1 Invocations


You had 20 spell levels left.
You didn't know any spells.

Dungeon Overview and Level Annotations

Branches:
Dungeon (15/15)            Temple (1/1) D:5            Lair (6/6) D:10
 Shoals (4/4) Lair:2        Snake (4/4) Lair:4        Slime (0/5) Lair:5
    Orc (2/2) D:10            Elf (3/3) Orc:2        Vaults (0/5) D:13
 Depths (0/5) D:15

Altars:
Ashenzari
Cheibriados
Dithmenos
Elyvilon
Fedhas
Gozag
Hepliaklqana
Kikubaaqudgha
Okawaru
Ru
Uskayaw
Vehumet
Xom
Zin
The Shining One
Beogh
Jiyva

Shops:
D:5 [   D:7 (   D:10 !   D:11 [   D:12 *   Orc:2 *=*[   Elf:1 :   Elf:3 *
Snake:1 :   Snake:2 (   Snake:3 }==}

Annotations:
D:7 exclusion: orange crystal statue
Shoals:4 Polyphemus


Innate Abilities, Weirdness & Mutations

You cannot be hasted, slowed, berserked, paralysed or teleported.
You can dig through walls and to a lower floor.
Your four strong arms can wield two-handed weapons with a shield.
You have a pair of large antennae on your head. (SInv)
Your magical capacity is low. (-10% MP)


Message History

Your gold dragon scales prevents you from hitting the deep elf annihilator.
The deep elf annihilator is almost dead.
You barely miss the Hell Sentinel. You slash the deep elf annihilator!
There is a sudden explosion of sparks!
You kill the deep elf annihilator!
Okawaru accepts your kill.
You slice the Hell Sentinel!!
The deep elf demonologist mumbles some strange words.
You slash the Hell Sentinel!
The Hell Sentinel is heavily wounded.
The Hell Sentinel gestures at you.
The sphere of damnation explodes!
The damnation engulfs you!
* * * LOW HITPOINT WARNING * * *
The damnation engulfs the Hell Sentinel.
The Hell Sentinel completely resists.
You hear a shout!
You feel much better. The Hell Sentinel gestures at you.
The sphere of damnation explodes!
The damnation engulfs you!
You die...

██.....'.....██...█
█.....█.....'.....
██....)')....██[..█ .
██......().....██|██
..███.......█.......███.
...........███..........
.......§§..█ █..........
.....§§§§███ ███........
......§@██ ██.......
......§1█{{ █.......


████████42{}(:$ +███████ █e)$|$[ █$)$)! █████ You could see a Hell Sentinel, a
deep elf demonologist and a rust devil.

Vanquished Creatures
  Bai Suzhen (Shoals:4)
  Saint Roka (Elf:2)
  Vashnia (Snake:4)
  Nikola (Shoals:3)
  Asterion (Elf:2)
  5 deep elf blademasters
  A deep elf master archer (Elf:3)
  Kirke (Shoals:1)
  Roxanne (Snake:4)
  Ilsuiw (Shoals:4)
  5 deep elf sorcerers
  7 nagarajas
  Louise (Shoals:1)
  Aizul (Snake:4)
  4 deep elf elementalists (Elf:3)
  8 deep elf demonologists
  A dire elephant (Lair:6)
  10 deep elf annihilators
  4 deep elf death magi (Elf:3)
  5 merfolk javelineers
  A minotaur (Lab)
  11 merfolk impalers
  Josephine (D:11)
  6 deep elf high priests
  Harold (Lair:2)
  A vault guard (D:13)
  2 ice dragons (D:15)
  19 naga warriors
  A centaur warrior (D:15)
  8 hydras
  2 merfolk avatars
  A death knight (D:11)
  7 two-headed ogres
  4 merfolk aquamancers
  2 catoblepae
  18 dancing weapons
  9 anacondas
  A satyr (Shoals:4)
  An orc high priest (Orc:2)
  13 naga sharpshooters
  13 death yaks
  Nergalle (D:11)
  11 deep elf knights
  5 shock serpents
  Sonja (D:11)
  2 salamander mystics
  5 skeletal warriors (D:15)
  The ghost of Messajah the Archer, a novice CeHu of Okawaru (D:7)
  9 sea snakes
  2 lindwurms (Lair:6)
  An unseen horror (D:15)
  4 deep elf archers
  9 naga ritualists
  10 harpies
  A necromancer (Lair:5)
  2 orc knights (Orc:1)
  Pikel (D:8)
  44 deep elf magi
  6 orc sorcerers
  2 wolf spiders (Lair:6)
  5 oklob plants
  13 fauns
  14 ugly things
  6 cyclopes
  7 mana vipers
  19 manticores
  7 elephants
  Maurice (Orc:2)
  11 salamanders
  31 black mambas
  7 merfolk sirens
  25 naga magi
  12 spiny frogs
  3 guardian serpents
  7 centaur skeletons
  A torpor snail (Lair:4)
  8 water nymphs
  4 gargoyles
  4 kobold demonologists
  5 komodo dragons
  An efreet (D:11)
  A rime drake (Lair:4)
  A meliai (shapeshifter) (D:13)
  40 merfolk
  3 wind drakes
  11 polar bears
  7 trolls
  Grinder (D:3)
  A minotaur zombie (Lab)
  3 meliai (D:15)
  2 raiju (Lair:6)
  15 blink frogs
  9 hippogriffs
  8 snapping turtles
  10 dream sheep
  A spriggan (D:8)
  A centaur simulacrum (D:14)
  A shadow (D:15)
  An air elemental (Elf:3)
  7 wyverns
  A vampire (D:11)
  A basilisk (Lair:2)
  3 wraiths (D:11)
  A fire elemental (Elf:1)
  5 hogs (Shoals:1)
  9 water elementals
  A hungry ghost (D:12)
  32 yaks
  12 vampire mosquitoes
  6 wargs
  2 insubstantial wisps (Lair:2)
  45 nagas
  A soldier ant (D:13)
  Duvessa (D:7)
  An acid dragon (D:14)
  14 water moccasins
  8 porcupines
  15 hell hounds (Lair:6)
  24 orc warriors
  13 black bears
  2 ice beasts
  A slave (D:8)
  An eye of draining (D:11)
  A phantom (D:13)
  A sky beast (D:13)
  A necrophage (D:9)
  3 elephant zombies (Lair:5)
  61 wolves
  18 centaurs
  12 ogres
  9 crocodiles
  5 big kobolds
  A komodo dragon zombie (Lair:5)
  Blork the orc (D:5)
  15 bullfrogs
  An earth elemental (Elf:2)
  A gnoll sergeant (D:10)
  A wyvern zombie (D:14)
  Dowan (D:7)
  A hornet simulacrum (D:15)
  A water moccasin skeleton (D:9)
  4 scorpions
  15 killer bees
  22 wights
  8 electric eels
  13 howler monkeys
  7 crimson imps
  A bullfrog zombie (D:9)
  2 quasits
  6 hounds
  3 centaur zombies
  A basilisk zombie (Lair:5)
  29 orc priests
  9 jellies
  42 orc wizards
  A bullfrog skeleton (D:13)
  2 iguanas
  Ijyb (D:3)
  2 hell rats (Lair:6)
  13 worker ants
  2 hound zombies
  A hound skeleton (D:5)
  18 gnolls
  16 adders
  2 shadow imps
  3 oozes
  An adder zombie (D:9)
  An adder skeleton (D:7)
  3 worms
  2 dart slugs
  5 leopard geckos
  83 orcs
  5 ball pythons
  3 giant cockroaches
  38 goblins
  28 hobgoblins
  2 jackals (D:2)
  6 quokkas
  7 bats
  11 frilled lizards
  A jackal skeleton (D:5)
  A jackal zombie (D:7)
  14 kobolds
  A leopard gecko zombie (D:9)
  14 rats
  7 crawling corpses (Elf:3)
  3 fungi
  14 plants
1419 creatures vanquished.

Vanquished Creatures (others)
  A deep elf master archer (Elf:3)
  A deep elf death mage (Elf:3)
  2 deep elf archers (Elf:2)
  2 deep elf magi
  A water moccasin (Lair:2)
  2 slaves (D:8)
  An orc (Elf:2)
  A giant cockroach (D:8)
  11 fungi
  15 plants
37 creatures vanquished.

Grand Total: 1456 creatures vanquished

Notes
Turn   | Place    | Note
-------+----------+-------------------------------------------
     0 | D:1      | nht the Formicid Fighter began the quest for the Orb.
     0 | D:1      | Reached XP level 1. HP: 18/18 MP: 1/1
    66 | D:1      | Reached XP level 2. HP: 21/24 MP: 2/2
   125 | D:1      | Reached skill level 3 in Axes
   185 | D:1      | Reached XP level 3. HP: 28/29 MP: 3/3
   709 | D:2      | Reached skill level 4 in Axes
   709 | D:2      | Reached XP level 4. HP: 35/35 MP: 4/4
  1708 | D:3      | Noticed Grinder
  1728 | D:3      | Killed Grinder
  1728 | D:3      | Reached skill level 6 in Axes
  1728 | D:3      | Reached XP level 5. HP: 29/41 MP: 5/5
  1728 | D:3      | Reached XP level 6. HP: 33/47 MP: 6/6
  2245 | D:3      | Reached XP level 7. HP: 52/52 MP: 7/7
  2276 | D:3      | Reached skill level 7 in Axes
  2318 | D:3      | Reached skill level 8 in Axes
  2461 | D:3      | Reached XP level 8. HP: 58/58 MP: 8/8
  2693 | D:3      | Noticed Ijyb
  2700 | D:3      | Killed Ijyb
  3074 | D:4      | Reached skill level 9 in Axes
  3358 | D:4      | Got a brightly glowing hand axe
  3359 | D:4      | Identified the +6 hand axe of the Black Skies {flame, MP+9} (You found it on level 4 of the Dungeon)
  3944 | D:5      | Entered Level 5 of the Dungeon
  3955 | D:5      | Reached skill level 10 in Axes
  3956 | D:5      | Noticed Blork the orc
  3970 | D:5      | Killed Blork the orc
  3970 | D:5      | Reached XP level 9. HP: 33/64 MP: 9/9
  4240 | D:5      | Found a staircase to the Ecumenical Temple.
  4254 | Temple   | Entered the Ecumenical Temple
  4326 | Temple   | Became a worshipper of Warmaster Okawaru
  4504 | D:5      | Reached skill level 11 in Axes
  4578 | D:5      | Found Ruin's Antique Armour Emporium.
  4772 | D:6      | Reached * piety under Okawaru
  4772 | D:6      | Reached skill level 12 in Axes
  5019 | D:6      | Reached skill level 1 in Invocations
  5266 | D:7      | Found Ustacump's Weapon Shoppe.
  5272 | D:7      | Reached XP level 10. HP: 64/70 MP: 11/11
  5323 | D:7      | Reached skill level 5 in Shields
  5342 | D:7      | Noticed Duvessa
  5344 | D:7      | Noticed Dowan
  5349 | D:7      | Killed Duvessa
  5349 | D:7      | Reached ** piety under Okawaru
  5357 | D:7      | Killed Dowan
  5358 | D:7      | Found a shattered altar of Ashenzari.
  5374 | D:7      | Noticed Messajah's ghost (novice CeHu)
  5392 | D:7      | Killed Messajah's ghost
  5854 | D:7      | Found a blossoming altar of Fedhas.
  5855 | D:7      | Found a sacrificial altar of Ru.
  5945 | D:7      | Noticed an orange crystal statue
  6013 | D:7      | Got a dazzling chain mail
  6024 | D:7      | Identified the +4 chain mail of Fun and Games {*Drain Regen+ Int+4} (You found it on level 7 of the Dungeon)
  6144 | D:8      | Noticed Pikel
  6169 | D:8      | Killed Pikel
  6169 | D:8      | Reached *** piety under Okawaru
  6169 | D:8      | Reached skill level 5 in Fighting
  6169 | D:8      | Reached skill level 13 in Axes
  6694 | D:9      | Noticed a two-headed ogre
  6701 | D:9      | Killed a two-headed ogre
  6701 | D:9      | Reached XP level 11. HP: 72/85 MP: 14/14
  6857 | D:9      | Reached **** piety under Okawaru
  6914 | D:9      | Noticed a two-headed ogre
  6930 | D:9      | Killed a two-headed ogre
  6975 | D:9      | Reached skill level 10 in Fighting
  7034 | D:9      | Reached skill level 14 in Axes
  7152 | D:9      | Found a glowing silver altar of Zin.
  7189 | D:10     | Entered Level 10 of the Dungeon
  7212 | D:10     | Found Pumoar's Distillery.
  7216 | D:10     | Bought a potion of might for 48 gold pieces
  7216 | D:10     | Bought a potion of heal wounds for 60 gold pieces
  7216 | D:10     | Bought a potion of invisibility for 96 gold pieces
  7216 | D:10     | Bought a potion of mutation for 96 gold pieces
  7458 | D:10     | Reached ***** piety under Okawaru
  7550 | D:10     | Found a staircase to the Lair.
  7599 | D:10     | Found a staircase to the Orcish Mines.
  7629 | D:10     | Found a roughly hewn altar of Beogh.
  8086 | D:10     | Received a gift from Okawaru
  8148 | Lair:1   | Entered Level 1 of the Lair of Beasts
  8175 | Lair:1   | Reached XP level 12. HP: 89/107 MP: 15/15
  8399 | Lair:1   | Reached skill level 1 in Crossbows
  8720 | Lair:1   | Reached skill level 5 in Crossbows
  8723 | Lair:1   | Noticed a four-headed hydra
  8730 | Lair:1   | Killed a one-headed hydra
  8730 | Lair:1   | Received a gift from Okawaru
  8778 | Lair:1   | Identified a +0 pair of boots of running (Okawaru gifted it to you on level 1 of the Lair of Beasts)
  9390 | Lair:2   | Noticed Harold
  9395 | Lair:2   | Killed Harold
  9816 | Lair:2   | Found a staircase to the Shoals.
 10071 | Lair:2   | Reached XP level 13. HP: 100/114 MP: 16/16
 10773 | Lair:3   | Noticed a six-headed hydra
 10782 | Lair:3   | Killed a one-headed hydra
 10861 | Lair:3   | Noticed an eight-headed hydra
 10865 | Lair:3   | Killed an eight-headed hydra
 11302 | Lair:4   | Received a gift from Okawaru
 11327 | Lair:4   | Found a staircase to the Snake Pit.
 11620 | Lair:4   | Reached ****** piety under Okawaru
 11629 | Lair:4   | Reached skill level 5 in Invocations
 11630 | Lair:4   | Reached skill level 15 in Axes
 11930 | Lair:5   | Received a gift from Okawaru
 11968 | Lair:5   | Found a runed door.
 11969 | Lair:5   | Found a viscous altar of Jiyva.
 11972 | Lair:5   | Found a staircase to the Slime Pits.
 12085 | Lair:5   | Reached skill level 10 in Crossbows
 12213 | Lair:5   | Reached XP level 14. HP: 121/121 MP: 17/18
 12628 | Lair:5   | Reached skill level 5 in Armour
 12811 | Lair:6   | Entered Level 6 of the Lair of Beasts
 13088 | Lair:6   | Received a gift from Okawaru
 13102 | Lair:6   | Reached skill level 16 in Axes
 13112 | Lair:6   | Noticed a dire elephant
 13122 | Lair:6   | Killed a dire elephant
 13422 | Lair:6   | Reached XP level 15. HP: 62/127 MP: 21/21
 14519 | D:11     | Noticed Sonja
 14522 | D:11     | Killed Sonja
 14634 | D:11     | Found a shimmering altar of Xom.
 14645 | D:11     | Noticed Nergalle
 14651 | D:11     | Received a gift from Okawaru
 14676 | D:11     | Killed Nergalle
 14736 | D:11     | Got a spiked shield
 14747 | D:11     | Identified the +5 shield "Umaeguw" {MP+9 Dex+6} (You found it on level 11 of the Dungeon)
 14794 | D:11     | Noticed Josephine
 14820 | D:11     | Killed Josephine
 14820 | D:11     | Received a gift from Okawaru
 14820 | D:11     | Reached skill level 10 in Invocations
 15410 | D:11     | Found Edigyet's Armour Shoppe.
 15496 | Orc:1    | Entered Level 1 of the Orcish Mines
 15530 | Orc:1    | Received a gift from Okawaru
 15552 | Orc:1    | Found a roughly hewn altar of Beogh.
 15643 | Orc:1    | Received a gift from Okawaru
 15829 | Orc:1    | Found a roughly hewn altar of Beogh.
 16118 | Orc:2    | Entered Level 2 of the Orcish Mines
 16252 | Orc:2    | Found a staircase to the Elven Halls.
 16264 | Orc:2    | Noticed Maurice
 16277 | Orc:2    | Killed Maurice
 16904 | Orc:2    | Found Lics's Assorted Antiques.
 16904 | Orc:2    | Found Legeh's Armour Shop.
 16904 | Orc:2    | Found Ropt's Jewellery Boutique.
 16924 | Orc:2    | Found Kufesule's General Store.
 16983 | Orc:2    | Bought a scroll of fog for 24 gold pieces
 16984 | Orc:2    | Bought a scroll of fog for 56 gold pieces
 17141 | Orc:2    | Bought the ring "Hifeun" {*Tele rElec rC+} for 285 gold pieces
 17145 | Orc:2    | Bought a +2 pair of gloves of strength for 279 gold pieces
 17562 | D:12     | Reached XP level 16. HP: 107/134 MP: 23/23
 17736 | D:12     | Reached skill level 10 in Armour
 17904 | D:12     | Found Lojishrun's General Store.
 17909 | D:12     | Bought a scroll of identify for 24 gold pieces
 17909 | D:12     | Bought a scroll of identify for 24 gold pieces
 18123 | D:13     | Found a gate to the Vaults.
 18914 | D:14     | Received a gift from Okawaru
 18940 | D:14     | Found a labyrinth entrance.
 18960 | Lab      | Entered a labyrinth
 19041 | Lab      | Got a coiled steel ring
 19054 | Lab      | Identified the ring "Niamyegg" {Fire -Tele rElec Stlth+} (You found it in a labyrinth)
 19638 | D:15     | Entered Level 15 of the Dungeon
 19859 | D:15     | Found a snail-covered altar of Cheibriados.
 19894 | D:15     | Reached skill level 17 in Axes
 20009 | D:15     | Found a staircase to the Depths.
 20157 | D:15     | Received a gift from Okawaru
 20250 | D:15     | Received a gift from Okawaru
 20620 | Snake:1  | Entered Level 1 of the Snake Pit
 20736 | Snake:1  | Received a gift from Okawaru
 20736 | Snake:1  | Reached XP level 17. HP: 136/140 MP: 24/24
 20737 | Snake:1  | Got a pair of warped gloves {god gift}
 20738 | Snake:1  | Found a radiant altar of Vehumet.
 20756 | Snake:1  | Identified the +0 pair of gloves of Vasm {-Tele rPois Str+4 SInv} (Okawaru gifted it to you on level 1 of the Snake Pit)
 20945 | Snake:1  | Found Ykiwk's Book Shop.
 21194 | Snake:2  | Found Kalyo's Antique Weapon Shop.
 21579 | Snake:3  | Found Gulailaa's Gadget Shoppe.
 21594 | Snake:3  | Reached skill level 18 in Axes
 21650 | Snake:3  | Found Xuom's Gadget Boutique.
 21650 | Snake:3  | Found Liofuzes's Jewellery Shoppe.
 21651 | Snake:3  | Found Nuun's Jewellery Shoppe.
 22222 | Snake:4  | Entered Level 4 of the Snake Pit
 22233 | Snake:4  | Received a gift from Okawaru
 22370 | Snake:4  | Noticed Aizul
 22391 | Snake:4  | Killed Aizul
 22542 | Snake:4  | Received a gift from Okawaru
 22719 | Snake:4  | Reached XP level 18. HP: 104/147 MP: 25/25
 22927 | Snake:4  | Noticed Vashnia
 23312 | Snake:4  | Killed Vashnia
 23312 | Snake:4  | Reached skill level 19 in Axes
 23629 | Snake:4  | Reached skill level 15 in Crossbows
 23707 | Snake:4  | Got a serpentine rune of Zot
 23753 | Snake:4  | Received a gift from Okawaru
 24210 | Snake:4  | Noticed Roxanne
 24220 | Snake:4  | Killed Roxanne
 24225 | Snake:4  | Identified Roxanne's Handbook of the Mountains (You took it off Roxanne on level 4 of the Snake Pit)
 24510 | Shoals:1 | Entered Level 1 of the Shoals
 24654 | Shoals:1 | Noticed Louise
 24680 | Shoals:1 | Killed Louise
 24680 | Shoals:1 | Received a gift from Okawaru
 24680 | Shoals:1 | Reached XP level 19. HP: 150/153 MP: 26/26
 24780 | Shoals:1 | Reached skill level 15 in Armour
 24782 | Shoals:1 | Noticed Kirke
 24813 | Shoals:1 | Killed Kirke
 26422 | Shoals:3 | Noticed Nikola
 26428 | Shoals:3 | Killed Nikola
 26574 | Shoals:4 | Entered Level 4 of the Shoals
 26661 | Shoals:4 | Received a gift from Okawaru
 26663 | Shoals:4 | Noticed Polyphemus
 26769 | Shoals:4 | Noticed Ilsuiw
 26775 | Shoals:4 | Killed Ilsuiw
 26778 | Shoals:4 | Reached skill level 20 in Axes
 26832 | Shoals:4 | Noticed Bai Suzhen
 26857 | Shoals:4 | Killed Bai Suzhen
 27026 | Shoals:4 | Received a gift from Okawaru
 27166 | Shoals:4 | Reached XP level 20. HP: 112/160 MP: 27/27
 27195 | Shoals:4 | Got a barnacled rune of Zot
 27328 | Shoals:4 | Reached skill level 10 in Shields
 27608 | Shoals:4 | Got a slimy steel amulet
 27609 | Shoals:4 | Identified the amulet of the Distant Future {RegenMP rN+ MR+ Dex+4} (You found it on level 4 of the Shoals)
 27899 | Elf:1    | Entered Level 1 of the Elven Halls
 28028 | Elf:1    | Found Ijeg's Book Shop.
 28103 | Elf:1    | Gained mutation: Your magical capacity is low. (-10% MP) [a neqoxec]
 28185 | Elf:1    | Identified the cursed +0 leather armour "Ifuotuf" {rF+} (You found it on level 1 of the Elven Halls)
 28472 | Elf:1    | Received a gift from Okawaru
 28503 | Elf:1    | Got a pair of distressingly furry gloves {god gift}
 28514 | Elf:1    | Identified the +0 pair of gloves "Ogippusch" {+Fly rElec rN+} (Okawaru gifted it to you on level 1 of the Elven Halls)
 29053 | Elf:2    | Noticed Saint Roka
 29072 | Elf:2    | Killed Saint Roka
 29134 | Elf:2    | Noticed Asterion
 29147 | Elf:2    | Killed Asterion
 29466 | Elf:2    | Found a huge runed gate.
 29466 | Elf:2    | Found a huge runed gate.
 29477 | Elf:2    | Found a huge runed gate.
 29949 | Elf:2    | Reached XP level 21. HP: 128/166 MP: 25/25
 30079 | Elf:2    | Received a gift from Okawaru
 30211 | Elf:3    | Entered Level 3 of the Elven Halls
 30253 | Elf:3    | Found Kouberr's Assorted Antiques.
 30261 | Elf:3    | Bought a scroll labeled VUARIKIVAM for 27 gold pieces
 30261 | Elf:3    | Bought a potion of heal wounds for 135 gold pieces
 30832 | Elf:3    | Received a gift from Okawaru
 31039 | Elf:3    | Noticed a Brimstone Fiend
 31195 | Elf:3    | Received a gift from Okawaru
 31211 | Elf:3    | Identified the +1 scale mail "Weaqo" {*Corrode MR- Regen+ Dex+5 Slay+6} (You found it on level 3 of the Elven Halls)
 31218 | Elf:3    | Identified the +2 plate armour of the Ego {rElec rPois rF++ MR- Dex+2} (You found it on level 3 of the Elven Halls)
 31247 | Elf:3    | Reached skill level 15 in Shields
 31294 | Elf:3    | Noticed a Brimstone Fiend
 31339 | Elf:3    | HP: 2/166 [Hell Sentinel/damnation[a deep elf demonologist] (28)]
 31340 | Elf:3    | Killed from afar by a Hell Sentinel

Vault maps used:
D:1:      dpeg_arrival_rooms_c
D:2:      st_stairs_14, mrwooster_statue_mirror, minmay_ruptured
D:3:      minmay_goblin_kobold_castle, minivault_11, uniq_iyjb, uniq_grinder
D:4:      first_bread, kennysheep_generic_room_12
D:5:      temple_doors_e, serial_shops, shop, st_stairs_3, uniq_blork_the_orc
D:6:      kennysheep_nub
D:7:      statuecave_lemuel, gammafunk_temple_overflow_statue,
          evilmike_ruin_ashenzari, serial_shops, shop_fountains, uniq_duvessa
D:8:      the_bakery, uniq_pikel
D:9:      basic_altar, hangedman_corner_corridor
D:10:     due_lair_maze_entry_diamond, minmay_orc_entry_temple_small,
          serial_shops, shop
D:11:     serial_shops, shop, serial_bayou_pond_c, minmay_ruined_shrine,
          uniq_josephine, uniq_nergalle, uniq_sonja
D:12:     serial_shops, kennysheep_little_box
D:13:     david_vaults_5
D:14:     lab_entry_generic, nrook_guardian_serpent_double
D:15:     grunt_enter_depths_hoard, cheibriados_altar_1
Temple:   dpeg_five_rooms_temple
Lair:1:   st_stairs_6, grunt_forest_large_clearings, lemuel_fruit_tree
Lair:2:   minmay_shoals_entry_hut, st_stairs_9, pond,
          infiniplex_staircase_pool_2, grunt_megastairs_4, uniq_harold
Lair:3:   grunt_megastairs_1
Lair:4:   minmay_snake_entry_guardpost_small
Lair:5:   pond_and_an_island_with_a_cottage, slime_altar_2,
          serial_bayou_shore_a, minmay_lair_oklob_chamber
Lair:6:   hangedman_lair_in_review, hangedman_lair_caniforms_friends
Shoals:1: uniq_kirke, uniq_louise
Shoals:3: uniq_nikola
Shoals:4: shoals_end_simple, shoals_ilsuiw_ice, uniq_polyphemus,
          uniq_bai_suzhen, uniq_ilsuiw
Snake:1:  basic_altar, serial_shops, nicolae_shop_stone
Snake:2:  serial_shops, nicolae_shop_overgrown_old_shop
Snake:3:  dpeg_oklob_gauntlet, serial_shops, shop, minmay_shop_grove
Snake:4:  snake_pit, st_stairs_7, uniq_roxanne, uniq_aizul, uniq_vashnia
Orc:1:    basic_altar, minmay_orc_temple_b
Orc:2:    st_orc_mages, nicolae_orc_lava_room, uniq_maurice
Elf:1:    eino_elf_arrival_the_gate, serial_shops, shop, minmay_elf_sorcery,
          glass_columns_b
Elf:2:    uniq_saint_roka, uniq_asterion
Elf:3:    nooodl_elf_gasket, serial_shops, nicolae_shop_overgrown_old_shop
Lab:      labyrinth_hidden_loot, nicolae_lab_do_over, nicolae_lab_arrow,
          nicolae_lab_stuck, nicolae_lab_big_swirl, nicolae_lab_grate,
          labyrinth_lava_lair, nicolae_lab_flowing_pool, nicolae_lab_x,
          lab_statue, labyrinth_glass_1, nicolae_lab_very_dead_end,
          nicolae_lab_statue

Skill      XL: |  1  2  3  4  5  6  7  8  9 10 11 12 13 14 15 16 17 18 19 20 21 |
---------------+----------------------------------------------------------------+-----
Axes           | 3 4 6 8 10 12 13 14 15 16 17 18 19 20 | 20.1
Invocations    | 2 4 6 9 10 | 10.1
Shields        | 4 6 7 9 13 15 | 15.0
Fighting       | 7 14 | 14.7
Crossbows      | 7 10 11 13 14 15 16 18 19 | 19.2
Armour         | 4 7 9 11 13 14 15 | 15.7

Action                   |  1- 3 |  4- 6 |  7- 9 | 10-12 | 13-15 | 16-18 | 19-21 || total
-------------------------+-------+-------+-------+-------+-------+-------+-------++-------
Melee: War axe           |    96 |   149 |   173 |   113 |   990 |   205 |       ||  1726
       Hand axe          |       |       |   151 |   545 |    39 |       |       ||   735
       Battleaxe         |       |       |       |       |       |   659 |   470 ||  1129
 Fire: Hand crossbow     |       |       |       |       |   119 |   109 |       ||   228
       Arbalest          |       |       |       |       |       |    35 |       ||    35
       Triple crossbow   |       |       |       |       |       |   188 |   562 ||   750
Invok: Heroism           |       |       |       |     4 |     8 |     7 |    14 ||    33
       Finesse           |       |       |       |       |       |     1 |     9 ||    10
 Abil: Dig               |       |       |     1 |     3 |     3 |       |     1 ||     8
Evoke: Wand              |       |       |     3 |    11 |    14 |    28 |     2 ||    58
  Use: Potion            |       |     4 |     2 |     1 |     2 |       |     3 ||    12
       Scroll            |       |       |     1 |    23 |     9 |    21 |     7 ||    61
  Eat: Chunk             |       |     5 |    10 |    16 |    24 |    20 |    21 ||    96
       Fruit             |       |       |       |       |       |     2 |       ||     2
Armor: Scale mail        |    30 |    59 |   150 |    18 |       |       |       ||   257
       Chain mail        |       |       |       |   184 |   358 |       |       ||   542
       Skin              |       |       |       |       |    12 |       |       ||    12
       Gold dragon scale |       |       |       |       |    19 |   393 |   361 ||   773
Dodge: Dodged            |    28 |    48 |    85 |   108 |   203 |   126 |   123 ||   721
Block: Shield            |    57 |    67 |   157 |   215 |   548 |   850 |   275 ||  2169
       Large shield      |       |       |       |       |       |       |   403 ||   403
       Reflection        |       |       |       |       |       |       |    51 ||    51
